 Dungeon Crawl Stone Soup version 0.29-a0-320-g9f8742066b (webtiles) character file.

Game seed: 4126556453528646506

20195 sokol815 the Nimble (level 12, -14/100 HPs)
             Began as a Gnoll Wanderer on Apr 3, 2022.
             Was a High Priest of Zin.
             Demolished by a death yak (16 damage)
             ... on level 4 of the Lair of Beasts.
             The game lasted 00:44:02 (19021 turns).

sokol815 the Nimble (Gnoll Wanderer)               Turns: 19021, Time: 00:44:03

Health: -14/100    AC: 14    Str: 15    XL:     12   Next: 76%
Magic:  7/23       EV: 14    Int: 12    God:    Zin [*****.]
Gold:   55         SH:  8    Dex: 13    Spells: 16/26 levels left

rFire   + . .      SeeInvis .   a - +3 war axe (venom)
rCold   . . .      Faith    .   u - +2 buckler
rNeg    . . .      Spirit   .   x - +3 scale mail of Terror {+Blink rElec rF+ Str-2}
rPois   .          Reflect  .   w - +2 hat
rElec   +          Harm     .   T - scarf {shadows}
rCorr   +          Rampage  .   r - +0 pair of gloves
Will    +....                   (no boots)
Stlth   ++........              (no amulet)
HPRegen 0.26/turn               g - ring "Xisafol" {Wiz rElec Will+ rCorr Dex-4}
MPRegen 0.18/turn               o - +6 ring of dexterity

@: no status effects
A: fangs 1, strong nose, distributed training
a: Renounce Religion, Evoke Blink, Recite, Vitalisation, Imprison, Sanctuary,
Donate Gold


You were on level 4 of the Lair of Beasts.
You worshipped Zin.
Zin was extremely pleased with you.
You visited 2 branches of the dungeon, and saw 14 of its levels.
You also visited: Gauntlet.

You collected 901 gold pieces.
You spent 756 gold pieces at shops.
You donated 90 gold pieces to Zin.

Inventory:

Hand Weapons
 a - a +3 war axe of venom (weapon)
   (You found it on level 2 of the Dungeon)
 b - a +4 dagger
   (You took it off an orc wizard on level 7 of the Dungeon)
 c - a +1 long sword of flaming
   (You took it off Maggie on level 6 of the Dungeon)
 k - a +1 trident of holy wrath
   (You took it off an orc on level 5 of the Dungeon)
 A - a +0 vorpal battleaxe
   (You took it off a minotaur in a Gauntlet)
 F - a +1 dagger of protection
   (You took it off an orc on level 5 of the Dungeon)
 I - a +1 hand crossbow of flaming
   (You found it on level 9 of the Dungeon)
 P - a +2 dagger of venom
   (You took it off an orc on level 9 of the Dungeon)
 Q - a +0 triple crossbow
   (You took it off a minotaur in a Gauntlet)
 U - a +1 vorpal flail
   (You found it in a Gauntlet)
Missiles
 d - 6 javelins
 j - 22 poisoned darts (quivered)
 l - 3 silver boomerangs
 m - 3 datura-tipped darts
 s - 558 stones
 y - 5 silver javelins
 O - 4 boomerangs
Armour
 r - a +0 pair of gloves (worn)
   (You found it on level 3 of the Dungeon)
 u - a +2 buckler (worn)
   (You bought it in a shop on level 6 of the Dungeon)
 w - a +2 hat (worn)
   (You found it on level 4 of the Dungeon)
 x - the +3 scale mail of Terror (worn) {+Blink rElec rF+ Str-2}
   (You bought it in a shop on level 6 of the Dungeon)

   Str:       It affects your strength (-2).
   rF:        It protects you from fire.
   rElec:     It insulates you from electricity.
   +Blink:    It lets you blink.
 K - a +3 leather armour of willpower
   (You found it on level 6 of the Dungeon)
 R - a +3 plate armour of fire resistance
   (You took it off a minotaur in a Gauntlet)
 T - a scarf of shadows (worn)
   (You found it in a Gauntlet)
 W - the +1 ring mail "Trusted Companion" {Dex+5}
   (You found it in a Gauntlet)

   Dex:       It affects your dexterity (+5).
Jewellery
 f - a ring of fire {rF+, rC-}
   (You found it on level 3 of the Lair of Beasts)
 g - the ring "Xisafol" (left hand) {Wiz rElec Will+ rCorr Dex-4}
   (You acquired it on level 7 of the Dungeon)

   [ring of wizardry]

   It improves your spell success rate.
   Dex:       It affects your dexterity (-4).
   rElec:     It insulates you from electricity.
   rCorr:     It protects you from acid and corrosion.
   Will:      It increases your willpower.
 o - a +6 ring of dexterity (right hand)
   (You found it on level 2 of the Lair of Beasts)
 z - an amulet of the acrobat
   (You took it off a minotaur in a Gauntlet)
 C - a ring of protection from cold {rC+, !d}
   (You found it on level 1 of the Dungeon)
 D - a ring of flight {+Fly, !d}
   (You took it off an orc on level 5 of the Dungeon)
 V - a ring of see invisible {sInv, !d}
   (You found it on level 1 of the Dungeon)
Wands
 e - a wand of charming (13)
   (You found it on level 8 of the Dungeon)
 i - a wand of iceblast (4)
   (You took it off an orc warrior on level 7 of the Dungeon)
 p - a wand of paralysis (9)
   (You found it on level 7 of the Dungeon)
 q - a wand of flame (21)
   (You found it on level 5 of the Dungeon)
Scrolls
 h - 5 scrolls of identify {@r1}
 t - 6 scrolls of fog
 J - a scroll of brand weapon
 Y - 10 scrolls of teleportation {@r3}
Potions
 n - 2 potions of cancellation
 v - 3 potions of attraction {!q}
 B - 2 potions of brilliance
 G - a potion of ambrosia {!q}
 H - 2 potions of haste
 L - 4 potions of flight
 M - 2 potions of magic


   Skills:
 + Level 11.5 Fighting
 + Level 7.8 Short Blades
 + Level 7.8 Long Blades
 + Level 7.8 Axes
 + Level 7.8 Maces & Flails
 + Level 7.8 Polearms
 + Level 7.8 Staves
 + Level 7.8 Slings
 + Level 7.8 Bows
 + Level 7.8 Crossbows
 + Level 7.8 Throwing
 + Level 7.8 Armour
 + Level 12.9 Dodging
 + Level 7.8 Stealth
 + Level 7.8 Shields
 + Level 7.8 Unarmed Combat
 + Level 7.8 Spellcasting
 + Level 6.5 Conjurations
 + Level 6.5 Hexes
 + Level 6.5 Summonings
 + Level 6.5 Necromancy
 + Level 6.5 Translocations
 + Level 6.5 Transmutations
 + Level 6.5 Fire Magic
 + Level 6.5 Ice Magic
 + Level 6.5 Air Magic
 + Level 6.5 Earth Magic
 + Level 6.5 Poison Magic
 + Level 8.6 Invocations
 + Level 8.3 Evocations


You had 16 spell levels left.
You knew the following spells:

 Your Spells              Type           Power      Damage    Failure   Level
a - Ignite Poison         Fire/Tmut/Pois 20%        N/A       4%          3
b - Olgreb's Toxic Radia  Pois           20%        N/A       16%         4
c - Conjure Flame         Conj/Fire      20%        6-21      4%          3

Your spell library contained the following spells:

 Spells                   Type           Power      Damage    Failure   Level
 Shock                    Conj/Air       80%        1d8       1%          1
 Sting                    Tmut/Pois      80%        1d7       1%          1
 Poisonous Vapours        Pois/Air       40%        N/A       2%          2
 Swiftness                Air            20%        N/A       4%          3
 Tukima's Dance           Hex            20%        N/A       4%          3
 Airstrike                Air            10%        N/A       16%         4
 Anguish                  Hex/Necr       10%        N/A       16%         4
 Hailstorm                Conj/Ice       20%        3d6       16%         4
 Ice Form                 Ice/Tmut       20%        N/A       16%         4
 Sticky Flame             Conj/Fire      20%        2d4       16%         4
 Summon Forest            Summ/Tloc      10%        N/A       41%         5
 Summon Mana Viper        Hex/Summ       20%        N/A       41%         5
 Simulacrum               Ice/Necr       10%        N/A       91%         6
 Summon Cactus Giant      Summ           10%        N/A       91%         6
 Enfeeble                 Hex            10%        N/A       100%        7


Dungeon Overview and Level Annotations

Branches:
Dungeon (10/15)            Temple (0/1) D:5            Lair (4/6) D:8
 Shoals (0/4) Lair:4        Snake (0/4) Lair:4      Gauntlet (visited)
    Orc: D:9-12

Altars:
Fedhas
Hepliaklqana
Okawaru
Trog
Wu Jian
Zin
The Shining One

Shops:
D:6 ?[(*?   D:9 *

Annotations:
D:10 Amaemon
Lair:4 1 transporter


Innate Abilities, Weirdness & Mutations

You have very sharp teeth.
Your uncanny sense of smell can sniff out nearby items.
Your experience applies equally to all skills.


Message History

You now have 12/23 mp.
You hit the lindwurm but do no damage.
The lindwurm looks as sick as possible!
Your bite misses the lindwurm.
The death yak looks even sicker.
The lindwurm looks as sick as possible!
Your toxic aura wanes.
The lindwurm barely misses you. The lindwurm claws you.
The lindwurm claws you but does no damage.
You take 2 damage, and have 98/100 hp.
You ignite the poison in your surroundings!
The lindwurm seems to burn from within!!!
You kill the lindwurm!
The death yak seems to burn from within!! x2
You now have 10/23 mp.
You hit the death yak but do no damage. Your bite misses the death yak.
You barely miss the death yak.
A death yak comes into view.
The death yak gores you!
You take 12 damage, and have 86/100 hp.
The death yak bellows!
You hit the death yak. You hit the death yak but do no damage.
The death yak is poisoned.
You hear a bellow!
A death yak comes into view.
You block the death yak's attack. x2; The death yak gores you!
The death yak barely misses you.
You take 12 damage, and have 74/100 hp.
You barely miss the death yak.
The death yak bellows!
You hit the death yak but do no damage.
The death yak looks as sick as possible!
You hear a bellow!
The death yak misses you.
The death yak gores you but does no damage.
You hear a loud, deep croak!
Your magical contamination has completely faded away.
You slash the death yak!
The death yak is poisoned.
You hit the death yak but do no damage.
You hear an angry buzzing noise.
The death yak closely misses you.
The death yak gores you but does no damage.
You hear a bellow! x2
You hit the death yak.
The death yak looks as sick as possible!
You hit the death yak. The death yak gores you!
The death yak closely misses you.
You hear a croak.
You take 9 damage, and have 66/100 hp.
You ignite the poison in your surroundings!
The death yak seems to burn from within!!!!
You kill the death yak!
The death yak seems to burn from within!!!
You kill the death yak!
You hear a bellow!
You now have 8/23 mp.
You hit the death yak.
The death yak is poisoned.
A yak comes into view.
You hit the death yak.
The death yak looks as sick as possible!
You bite the death yak, but do no damage.
You hit the death yak.
The death yak is poisoned.
A yak comes into view.
The death yak gores you. x2; The death yak gores you!
The death yak gores you!!
* * * LOW HITPOINT WARNING * * *
The yak bellows!
You take 45 damage, and have 21/100 hp.
MASSIVE DAMAGE!!
You ignite the poison in your surroundings!
The death yak seems to burn from within!!
The death yak seems to burn from within!!!
You hear an angry buzzing noise.
You hear a bellow!
A hornet comes into view.
The death yak gores you!!
* * * LOW HITPOINT WARNING * * *
A yak comes into view.
The death yak gores you but does no damage.
You take 18 damage, and have 3/100 hp.
You now have 6/23 mp.
You feel much better. The death yak gores you.
* * * LOW HITPOINT WARNING * * *
The death yak barely misses you.
You regained 15 hp, and now have 18/100 hp.
As you read the scroll of fear, it crumbles to dust.
You assume a fearsome visage.
The death yak resists with some effort.
The death yak resists with almost no effort.
The yak looks frightened! x3; The hornet looks frightened!
The death yak gores you!
* * * LOW HITPOINT WARNING * * *
A yak comes into view.
The death yak gores you!
* * * LOW HITPOINT WARNING * * *
You take 16 damage, and have 2/100 hp.
You feel much better. The death yak gores you!
* * * LOW HITPOINT WARNING * * *
The death yak gores you.
* * * LOW HITPOINT WARNING * * *
You regained 2 hp, and now have 4/100 hp.
As you read the scroll of summoning, it crumbles to dust.
Wisps of shadow whirl around you... The death yak gores you.
* * * LOW HITPOINT WARNING * * *
The death yak gores you!
You die... .# . .. ∆ ∆ .#. ∆∆∆ ##.#### # ##Y.#w≈ P ##. . ...###Y.Y## ^P #.##. .
Y((YYYYYY#♣

P^§###.... #
....##Y@.###°^P≈w#....
#. #Y#Y#w≈P^P≈##... ##
###.##≈P^P≈w#..###.
#..#♣§P^P≈##...##.
..#.#..###P©P###......
.>.......#####.....#..
..#####....©..........
##P.............
##....#....P...


You could see 2 death yaks, a yak, a swamp worm and 9 friendly yaks.

Vanquished Creatures
  A minotaur (Gauntlet)
  A hydra (Lair:3)
  A catoblepas (Lair:2)
  2 two-headed ogres (D:9)
  3 death yaks (Lair:4)
  A lindwurm (Lair:4)
  A black mamba (Lair:1)
  Maggie (D:6)
  3 cane toads
  A rime drake (Lair:1)
  4 komodo dragons
  A queen bee (D:8)
  A troll (D:9)
  A hornet (D:7)
  A polar bear (Lair:1)
  3 blink frogs (Lair:4)
  A snapping turtle (Lair:4)
  5 flying skulls (Gauntlet)
  2 wyverns
  6 yaks (Lair:2)
  A vampire (D:10)
  Eustachio (D:5)
  A basilisk (Lair:2)
  3 steam dragons
  Menkaure (D:5)
  12 water moccasins
  2 orc warriors
  2 ice beasts
  2 black bears
  4 ogres
  6 wolves
  A centaur (D:9)
  Blork the orc (D:6)
  A kobold brigand (D:9)
  6 bullfrogs
  A scorpion (D:6)
  3 necrophages
  4 wights (D:6)
  21 killer bees
  A vampire bat (Lair:3)
  3 electric eels
  2 howler monkeys (D:9)
  2 jellies
  7 orc priests
  A hound (D:5)
  4 iguanas
  5 orc wizards
  6 adders
  A shadow imp (D:6)
  A white imp (D:6)
  3 worms
  A dart slug (D:3)
  20 orcs
  11 endoplasms
  A giant cockroach (D:2)
  6 goblins
  4 hobgoblins
  3 quokkas
  4 ball pythons (D:1)
  18 bats
  10 kobolds
  3 rats
230 creatures vanquished.

Vanquished Creatures (others)
  5 fungi
  17 plants
22 creatures vanquished.

Grand Total: 252 creatures vanquished

Notes
Turn   | Place    | Note
-------+----------+-------------------------------------------
     0 | D:1      | Reached skill level 10 in Dodging
     0 | D:1      | sokol815 the Gnoll Wanderer began the quest for the Orb.
     0 | D:1      | sokol815 set off with the following items: a +0 club, a
                  | scroll of fog, a +2 leather armour, 2 potions of
                  | lignification {!q}
     0 | D:1      | Reached XP level 1. HP: 26/26 MP: 1/1
   435 | D:1      | Reached XP level 2. HP: 33/33 MP: 2/2
  1051 | D:1      | Reached XP level 3. HP: 36/38 MP: 3/3
  1421 | D:2      | Found a faded altar of an unknown god.
  1432 | D:2      | Prayed at the altar of an unknown god.
  1432 | D:2      | Became a worshipper of Zin the Law-Giver
  1432 | D:2      | Reached * piety under Zin
  1432 | D:2      | Reached ** piety under Zin
  1460 | D:2      | HP: 9/38 [poisoned by an adder]
  1464 | D:2      | HP: 4/38 [adder (1)]
  1468 | D:2      | Reached skill level 1 in Invocations
  2033 | D:2      | Reached skill level 1 in Short Blades
  2033 | D:2      | Reached skill level 1 in Long Blades
  2033 | D:2      | Reached skill level 1 in Axes
  2033 | D:2      | Reached skill level 1 in Maces & Flails
  2033 | D:2      | Reached skill level 1 in Polearms
  2033 | D:2      | Reached skill level 1 in Staves
  2033 | D:2      | Reached skill level 1 in Slings
  2033 | D:2      | Reached skill level 1 in Bows
  2033 | D:2      | Reached skill level 1 in Crossbows
  2033 | D:2      | Reached skill level 1 in Throwing
  2033 | D:2      | Reached skill level 1 in Armour
  2033 | D:2      | Reached skill level 1 in Stealth
  2033 | D:2      | Reached skill level 1 in Shields
  2033 | D:2      | Reached skill level 1 in Unarmed Combat
  2033 | D:2      | Reached skill level 1 in Spellcasting
  2393 | D:3      | Reached XP level 4. HP: 45/45 MP: 5/5
  2602 | D:3      | Found a hazy altar of Hepliaklqana.
  2604 | D:3      | Found a bloodstained altar of Trog.
  3151 | D:4      | Reached skill level 1 in Conjurations
  3151 | D:4      | Reached skill level 1 in Hexes
  3151 | D:4      | Reached skill level 1 in Summonings
  3151 | D:4      | Reached skill level 1 in Necromancy
  3151 | D:4      | Reached skill level 1 in Translocations
  3151 | D:4      | Reached skill level 1 in Transmutations
  3151 | D:4      | Reached skill level 1 in Fire Magic
  3151 | D:4      | Reached skill level 1 in Ice Magic
  3151 | D:4      | Reached skill level 1 in Air Magic
  3151 | D:4      | Reached skill level 1 in Earth Magic
  3151 | D:4      | Reached skill level 1 in Poison Magic
  3316 | D:4      | Reached *** piety under Zin
  3556 | D:4      | Reached XP level 5. HP: 50/51 MP: 5/7
  3703 | D:4      | Reached skill level 3 in Evocations
  3773 | D:4      | Found a glowing golden altar of the Shining One.
  4008 | D:5      | Entered Level 5 of the Dungeon
  4027 | D:5      | Noticed an ogre
  4033 | D:5      | Killed an ogre
  4034 | D:5      | Reached skill level 2 in Invocations
  4034 | D:5      | Reached XP level 6. HP: 56/57 MP: 8/8
  4241 | D:5      | Found a blossoming altar of Fedhas.
  4250 | D:5      | Reached skill level 2 in Short Blades
  4250 | D:5      | Reached skill level 2 in Long Blades
  4250 | D:5      | Reached skill level 2 in Axes
  4250 | D:5      | Reached skill level 2 in Maces & Flails
  4250 | D:5      | Reached skill level 2 in Polearms
  4250 | D:5      | Reached skill level 2 in Staves
  4250 | D:5      | Reached skill level 2 in Slings
  4250 | D:5      | Reached skill level 2 in Bows
  4250 | D:5      | Reached skill level 2 in Crossbows
  4250 | D:5      | Reached skill level 2 in Throwing
  4250 | D:5      | Reached skill level 2 in Armour
  4250 | D:5      | Reached skill level 2 in Stealth
  4250 | D:5      | Reached skill level 2 in Shields
  4250 | D:5      | Reached skill level 2 in Unarmed Combat
  4250 | D:5      | Reached skill level 2 in Spellcasting
  4374 | D:5      | Found a staircase to the Ecumenical Temple.
  4388 | D:5      | Noticed Eustachio
  4397 | D:5      | Killed Eustachio
  4398 | D:5      | Reached XP level 7. HP: 46/63 MP: 10/10
  4560 | D:5      | Reached skill level 2 in Conjurations
  4560 | D:5      | Reached skill level 2 in Hexes
  4560 | D:5      | Reached skill level 2 in Summonings
  4560 | D:5      | Reached skill level 2 in Necromancy
  4560 | D:5      | Reached skill level 2 in Translocations
  4560 | D:5      | Reached skill level 2 in Transmutations
  4560 | D:5      | Reached skill level 2 in Fire Magic
  4560 | D:5      | Reached skill level 2 in Ice Magic
  4560 | D:5      | Reached skill level 2 in Air Magic
  4560 | D:5      | Reached skill level 2 in Earth Magic
  4560 | D:5      | Reached skill level 2 in Poison Magic
  4720 | D:5      | Reached skill level 9 in Fighting
  4725 | D:5      | Reached skill level 3 in Invocations
  4725 | D:5      | HP: 11/64 [orc priest/divine providence (13)]
  4775 | D:5      | HP: 6/64 [orc priest/divine providence (12)]
  5169 | D:5      | Reached XP level 8. HP: 52/71 MP: 12/12
  5327 | D:5      | Noticed Menkaure
  5636 | D:6      | Found Fipi's Antique Armour Shoppe.
  5646 | D:6      | Bought a shiny buckler for 240 gold pieces
  5662 | D:6      | Reached skill level 3 in Short Blades
  5662 | D:6      | Reached skill level 3 in Long Blades
  5662 | D:6      | Reached skill level 3 in Axes
  5662 | D:6      | Reached skill level 3 in Maces & Flails
  5662 | D:6      | Reached skill level 3 in Polearms
  5662 | D:6      | Reached skill level 3 in Staves
  5662 | D:6      | Reached skill level 3 in Slings
  5662 | D:6      | Reached skill level 3 in Bows
  5662 | D:6      | Reached skill level 3 in Crossbows
  5662 | D:6      | Reached skill level 3 in Throwing
  5662 | D:6      | Reached skill level 3 in Armour
  5662 | D:6      | Reached skill level 3 in Stealth
  5662 | D:6      | Reached skill level 3 in Shields
  5662 | D:6      | Reached skill level 3 in Unarmed Combat
  5662 | D:6      | Reached skill level 3 in Spellcasting
  5662 | D:6      | Reached skill level 4 in Evocations
  5755 | D:6      | Found an iron altar of Okawaru.
  5918 | D:6      | Noticed Blork the orc
  5929 | D:6      | Killed Blork the orc
  5934 | D:6      | Reached skill level 11 in Dodging
  6013 | D:6      | Found Kexiokk's Magic Scroll Shop.
  6135 | D:6      | Found Lafuka's Weapon Emporium.
  6146 | D:6      | Found Roegho Seas's Assorted Antiques.
  6171 | D:6      | Noticed Maggie
  6195 | D:6      | Killed Maggie
  6196 | D:6      | Reached skill level 3 in Conjurations
  6196 | D:6      | Reached skill level 3 in Hexes
  6196 | D:6      | Reached skill level 3 in Summonings
  6196 | D:6      | Reached skill level 3 in Necromancy
  6196 | D:6      | Reached skill level 3 in Translocations
  6196 | D:6      | Reached skill level 3 in Transmutations
  6196 | D:6      | Reached skill level 3 in Fire Magic
  6196 | D:6      | Reached skill level 3 in Ice Magic
  6196 | D:6      | Reached skill level 3 in Air Magic
  6196 | D:6      | Reached skill level 3 in Earth Magic
  6196 | D:6      | Reached skill level 3 in Poison Magic
  6196 | D:6      | Reached skill level 4 in Invocations
  6215 | D:6      | Found an ornate altar of the Wu Jian Council.
  6258 | D:6      | Reached XP level 9. HP: 64/76 MP: 14/14
  7149 | D:5      | Killed Menkaure
  7150 | D:5      | Reached skill level 4 in Short Blades
  7150 | D:5      | Reached skill level 4 in Long Blades
  7150 | D:5      | Reached skill level 4 in Axes
  7150 | D:5      | Reached skill level 4 in Maces & Flails
  7150 | D:5      | Reached skill level 4 in Polearms
  7150 | D:5      | Reached skill level 4 in Staves
  7150 | D:5      | Reached skill level 4 in Slings
  7150 | D:5      | Reached skill level 4 in Bows
  7150 | D:5      | Reached skill level 4 in Crossbows
  7150 | D:5      | Reached skill level 4 in Throwing
  7150 | D:5      | Reached skill level 4 in Armour
  7150 | D:5      | Reached skill level 4 in Stealth
  7150 | D:5      | Reached skill level 4 in Shields
  7150 | D:5      | Reached skill level 4 in Unarmed Combat
  7150 | D:5      | Reached skill level 4 in Spellcasting
  7503 | D:6      | Found Jil Gyal's Magic Scroll Emporium.
  7609 | D:7      | Reached skill level 5 in Evocations
  7609 | D:7      | Identified a scroll of acquirement
  7609 | D:7      | Acquired the ring "Xisafol" {Wiz rElec Will+ rCorr Dex-4}
  7710 | D:7      | Reached **** piety under Zin
  7854 | D:7      | Reached skill level 10 in Fighting
  7854 | D:7      | Reached skill level 5 in Short Blades
  7854 | D:7      | Reached skill level 5 in Long Blades
  7854 | D:7      | Reached skill level 5 in Axes
  7854 | D:7      | Reached skill level 5 in Maces & Flails
  7854 | D:7      | Reached skill level 5 in Polearms
  7854 | D:7      | Reached skill level 5 in Staves
  7854 | D:7      | Reached skill level 5 in Slings
  7854 | D:7      | Reached skill level 5 in Bows
  7854 | D:7      | Reached skill level 5 in Crossbows
  7854 | D:7      | Reached skill level 5 in Throwing
  7854 | D:7      | Reached skill level 5 in Armour
  7854 | D:7      | Reached skill level 12 in Dodging
  7854 | D:7      | Reached skill level 5 in Stealth
  7854 | D:7      | Reached skill level 5 in Shields
  7854 | D:7      | Reached skill level 5 in Unarmed Combat
  7854 | D:7      | Reached skill level 5 in Spellcasting
  7854 | D:7      | Reached skill level 4 in Conjurations
  7854 | D:7      | Reached skill level 4 in Hexes
  7854 | D:7      | Reached skill level 4 in Summonings
  7854 | D:7      | Reached skill level 4 in Necromancy
  7854 | D:7      | Reached skill level 4 in Translocations
  7854 | D:7      | Reached skill level 4 in Transmutations
  7854 | D:7      | Reached skill level 4 in Fire Magic
  7854 | D:7      | Reached skill level 4 in Ice Magic
  7854 | D:7      | Reached skill level 4 in Air Magic
  7854 | D:7      | Reached skill level 4 in Earth Magic
  7854 | D:7      | Reached skill level 4 in Poison Magic
  7854 | D:7      | Reached skill level 6 in Invocations
  7854 | D:7      | Reached skill level 6 in Evocations
  7854 | D:7      | Reached XP level 10. HP: 86/86 MP: 15/18
  7883 | D:7      | Paralysed by a hornet for 3 turns
  7888 | D:7      | Reached skill level 6 in Short Blades
  7888 | D:7      | Reached skill level 6 in Long Blades
  7888 | D:7      | Reached skill level 6 in Axes
  7888 | D:7      | Reached skill level 6 in Maces & Flails
  7888 | D:7      | Reached skill level 6 in Polearms
  7888 | D:7      | Reached skill level 6 in Staves
  7888 | D:7      | Reached skill level 6 in Slings
  7888 | D:7      | Reached skill level 6 in Bows
  7888 | D:7      | Reached skill level 6 in Crossbows
  7888 | D:7      | Reached skill level 6 in Throwing
  7888 | D:7      | Reached skill level 6 in Armour
  7888 | D:7      | Reached skill level 6 in Stealth
  7888 | D:7      | Reached skill level 6 in Shields
  7888 | D:7      | Reached skill level 6 in Unarmed Combat
  7888 | D:7      | Reached skill level 6 in Spellcasting
  8160 | D:7      | Reached skill level 5 in Conjurations
  8160 | D:7      | Reached skill level 5 in Hexes
  8160 | D:7      | Reached skill level 5 in Summonings
  8160 | D:7      | Reached skill level 5 in Necromancy
  8160 | D:7      | Reached skill level 5 in Translocations
  8160 | D:7      | Reached skill level 5 in Transmutations
  8160 | D:7      | Reached skill level 5 in Fire Magic
  8160 | D:7      | Reached skill level 5 in Ice Magic
  8160 | D:7      | Reached skill level 5 in Air Magic
  8160 | D:7      | Reached skill level 5 in Earth Magic
  8160 | D:7      | Reached skill level 5 in Poison Magic
  8972 | D:7      | Learned a level 3 spell: Ignite Poison
  9666 | D:8      | HP: 18/86 [killer bee (5)]
 10117 | D:8      | Reached XP level 11. HP: 90/92 MP: 20/20
 10546 | D:8      | Found a staircase to the Lair.
 11088 | D:9      | Noticed a two-headed ogre
 11096 | D:9      | Found Qolaimar's Assorted Antiques.
 11134 | D:9      | HP: 15/92 [two-headed ogre/+0 giant spiked club (18)]
 11134 | D:9      | HP: 1/92 [two-headed ogre/+0 giant spiked club (14)]
 11941 | D:6      | Bought a pair of scorched boots for 228 gold pieces
 11941 | D:6      | Identified the -2 pair of boots of the Vacuum {Harm} (You
                  | bought it in a shop on level 6 of the Dungeon)
 12065 | D:9      | Reached skill level 7 in Invocations
 12076 | D:9      | Reached ***** piety under Zin
 12121 | D:9      | Killed a two-headed ogre
 12122 | D:9      | Reached skill level 7 in Evocations
 12531 | D:9      | Noticed a two-headed ogre
 12536 | D:9      | Killed a two-headed ogre
 12752 | D:10     | Entered Level 10 of the Dungeon
 12921 | D:10     | Noticed Amaemon
 12987 | Lair:1   | Entered Level 1 of the Lair of Beasts
 13132 | Lair:1   | Learned a level 3 spell: Conjure Flame
 13150 | Lair:1   | Learned a level 4 spell: Olgreb's Toxic Radiance
 13597 | Lair:1   | HP: 16/92 [cane toad (20)]
 13643 | Lair:1   | HP: 21/92 [poisoned by a cane toad]
 13643 | Lair:1   | HP: 10/92 [cane toad (11)]
 13648 | Lair:1   | HP: 22/92 [cane toad (10)]
 13649 | Lair:1   | HP: 8/92 [cane toad (14)]
 14202 | Lair:1   | HP: 19/92 [black mamba (9)]
 14207 | Lair:1   | HP: 13/92 [black mamba (7)]
 14828 | Lair:2   | Reached skill level 11 in Fighting
 15291 | Lair:2   | Reached skill level 7 in Short Blades
 15291 | Lair:2   | Reached skill level 7 in Long Blades
 15291 | Lair:2   | Reached skill level 7 in Axes
 15291 | Lair:2   | Reached skill level 7 in Maces & Flails
 15291 | Lair:2   | Reached skill level 7 in Polearms
 15291 | Lair:2   | Reached skill level 7 in Staves
 15291 | Lair:2   | Reached skill level 7 in Slings
 15291 | Lair:2   | Reached skill level 7 in Bows
 15291 | Lair:2   | Reached skill level 7 in Crossbows
 15291 | Lair:2   | Reached skill level 7 in Throwing
 15291 | Lair:2   | Reached skill level 7 in Armour
 15291 | Lair:2   | Reached skill level 7 in Stealth
 15291 | Lair:2   | Reached skill level 7 in Shields
 15291 | Lair:2   | Reached skill level 7 in Unarmed Combat
 15291 | Lair:2   | Reached skill level 7 in Spellcasting
 15883 | Lair:2   | Reached XP level 12. HP: 60/100 MP: 18/22
 16464 | Lair:3   | Found a gate leading to a gauntlet.
 16471 | Lair:3   | Reached skill level 6 in Conjurations
 16471 | Lair:3   | Reached skill level 6 in Hexes
 16471 | Lair:3   | Reached skill level 6 in Summonings
 16471 | Lair:3   | Reached skill level 6 in Necromancy
 16471 | Lair:3   | Reached skill level 6 in Translocations
 16471 | Lair:3   | Reached skill level 6 in Transmutations
 16471 | Lair:3   | Reached skill level 6 in Fire Magic
 16471 | Lair:3   | Reached skill level 6 in Ice Magic
 16471 | Lair:3   | Reached skill level 6 in Air Magic
 16471 | Lair:3   | Reached skill level 6 in Earth Magic
 16471 | Lair:3   | Reached skill level 6 in Poison Magic
 16483 | Lair:3   | Noticed a five-headed hydra
 16521 | Gauntlet | Entered a Gauntlet
 16521 | Gauntlet | Found a transporter.
 16525 | Gauntlet | Found a transporter.
 16528 | Gauntlet | Found a transporter.
 16533 | Gauntlet | Found a transporter.
 16539 | Gauntlet | Found a transporter.
 16543 | Gauntlet | Found a transporter.
 16548 | Gauntlet | Found a transporter.
 16555 | Gauntlet | Found a transporter.
 16558 | Gauntlet | Found a transporter.
 16566 | Gauntlet | Found a transporter.
 16570 | Gauntlet | Found a transporter.
 16574 | Gauntlet | Noticed a shock serpent
 16574 | Gauntlet | an orb spider changed into a shock serpent
 16576 | Gauntlet | a shock serpent changed into a dream sheep
 16583 | Gauntlet | Found a transporter.
 16595 | Gauntlet | Noticed a two-headed ogre
 16595 | Gauntlet | a moth of wrath changed into a two-headed ogre
 16601 | Gauntlet | Found a transporter.
 16602 | Gauntlet | a two-headed ogre changed into a snapping turtle
 16613 | Gauntlet | Found a transporter.
 16834 | Gauntlet | Reached skill level 8 in Invocations
 17077 | Gauntlet | Noticed a minotaur
 17083 | Gauntlet | Killed a minotaur
 17093 | Gauntlet | Identified the +1 ring mail "Trusted Companion" {Dex+5}
 17450 | Lair:3   | Noticed a catoblepas
 17500 | Lair:2   | Killed a catoblepas
 17709 | Lair:3   | Killed a two-headed hydra
 17710 | Lair:3   | Reached skill level 8 in Evocations
 18486 | D:6      | Bought a faintly humming scale mail for 288 gold pieces
 18486 | D:6      | Identified the +3 scale mail of Terror {+Blink rElec rF+
                  | Str-2} (You bought it in a shop on level 6 of the Dungeon)
 18719 | Lair:4   | Found a staircase to the Shoals.
 18978 | Lair:4   | Found a transporter.
 18989 | Lair:4   | Found a staircase to the Snake Pit.
 18997 | Lair:4   | Noticed a death yak
 18999 | Lair:4   | Noticed a death yak
 19000 | Lair:4   | Killed a death yak
 19002 | Lair:4   | Noticed a death yak
 19008 | Lair:4   | Noticed a death yak
 19009 | Lair:4   | Noticed a death yak
 19013 | Lair:4   | Killed a death yak
 19013 | Lair:4   | Killed a death yak
 19015 | Lair:4   | HP: 21/100 [death yak (20)]
 19016 | Lair:4   | HP: 3/100 [death yak (18)]
 19021 | Lair:4   | HP: 2/100 [death yak (2)]
 19021 | Lair:4   | Demolished by a death yak

Illustrated notes

Levels and vault maps discovered:
D:1:      erik_arrival_orb_chamber, layout_loops_corners
D:2:      layout_rooms, hellmonk_ecumenical_altar_pennies_from_heaven
D:3:      layout_loops_ring, grunt_temple_overflow_open, due_unseen_surprise
D:4:      layout_loops_corners, overflow_temple_1_default
D:5:      layout_basic, fedhas_altar_fruit_tree, minmay_temple_entry_tees,
          uniq_eustachio, uniq_menkaure
D:6:      layout_loops_corners, mainiacjoe_overflow_six_doors_small,
          nzn_wu_jian_council_hall, serial_shops, shop, nicolae_shop_crystal,
          kennysheep_mini_moat, nicolae_shop_statue_plus, shop,
          minmay_misc_feat_enclosed, st_stairs_2, uniq_blork_the_orc,
          uniq_maggie
D:7:      layout_gridville, dreamdust_wishing_well, kennysheep_decorative_pillar
D:8:      layout_layer_cave, lair_entry_dummy, serial_rivers,
          chequers_serial_rivers_small_3, chequers_serial_rivers_small_a,
          chequers_serial_rivers_small_a, chequers_serial_rivers_marsh,
          nicolae_looking_at_the_future
D:9:      layout_rooms, serial_shops, shop
D:10:     layout_small_grid, david_orc_2, kennysheep_opposing_triangles,
          uniq_amaemon
Lair:1:   layout_regular_city, lemuel_fruit_tree, grunt_megastairs_5,
          infiniplex_staircase_pool_2
Lair:2:   layout_gridlike, chequers_serial_rivers_micro_d, serial_bayou_shore_a,
          infiniplex_staircase_pool, serial_bayou_shore_b, grunt_megastairs_2,
          serial_bayou_shore_b
Lair:3:   layout_misc_corridors, gauntlet_entry_generic, roderic_batcave,
          lemuel_fruit_fields
Lair:4:   gammafunk_worm_tunnel, layout_layer_cave, minmay_shoals_entry_hut,
          dummy_snake_entry, chequers_serial_rivers_micro_a, grunt_megastairs_3,
          lemuel_fruit_fields

Skill      XL: |  1  2  3  4  5  6  7  8  9 10 11 12 |
---------------+-------------------------------------+-----
Dodging        | 11 12 | 12.9
Invocations    | 1 2 3 4 6 7 8 |  8.6
Short Blades   | 1 2 3 5 6 7 |  7.8
Long Blades    | 1 2 3 5 6 7 |  7.8
Axes           | 1 2 3 5 6 7 |  7.8
Maces & Flails | 1 2 3 5 6 7 |  7.8
Polearms       | 1 2 3 5 6 7 |  7.8
Staves         | 1 2 3 5 6 7 |  7.8
Slings         | 1 2 3 5 6 7 |  7.8
Bows           | 1 2 3 5 6 7 |  7.8
Crossbows      | 1 2 3 5 6 7 |  7.8
Throwing       | 1 2 3 5 6 7 |  7.8
Armour         | 1 2 3 5 6 7 |  7.8
Stealth        | 1 2 3 5 6 7 |  7.8
Shields        | 1 2 3 5 6 7 |  7.8
Unarmed Combat | 1 2 3 5 6 7 |  7.8
Spellcasting   | 1 2 3 5 6 7 |  7.8
Conjurations   | 1 2 3 4 5 6 |  6.5
Hexes          | 1 2 3 4 5 6 |  6.5
Summonings     | 1 2 3 4 5 6 |  6.5
Necromancy     | 1 2 3 4 5 6 |  6.5
Translocations | 1 2 3 4 5 6 |  6.5
Transmutations | 1 2 3 4 5 6 |  6.5
Fire Magic     | 1 2 3 4 5 6 |  6.5
Ice Magic      | 1 2 3 4 5 6 |  6.5
Air Magic      | 1 2 3 4 5 6 |  6.5
Earth Magic    | 1 2 3 4 5 6 |  6.5
Poison Magic   | 1 2 3 4 5 6 |  6.5
Evocations     | 3 4 6 7 8 |  8.3
Fighting       | 9 10 11 | 11.5

Action                   |  1- 3 |  4- 6 |  7- 9 | 10-12 || total
-------------------------+-------+-------+-------+-------++-------
Melee: Club              |   136 |       |       |       ||   136
       Bite              |    14 |    15 |    15 |    53 ||    97
       Short sword       |    35 |       |       |       ||    35
       War axe           |    12 |    88 |   105 |   436 ||   641
       Punch             |     5 |     1 |       |       ||     6
       Trident           |       |       |    30 |     8 ||    38
       Long sword        |       |       |       |     5 ||     5
       Dagger            |       |       |       |     1 ||     1
Throw: Stone             |     1 |       |       |       ||     1
       Boomerang         |       |       |    34 |    24 ||    58
       Dart              |       |       |       |    18 ||    18
       Javelin           |       |       |       |     4 ||     4
 Cast: Ignite Poison     |       |       |       |    22 ||    22
       Olgreb's Toxic Ra |       |       |       |     5 ||     5
Invok: Vitalisation      |     1 |       |     2 |    11 ||    14
       Recite            |       |       |     1 |     1 ||     2
Evoke: Wand              |       |       |       |     7 ||     7
  Use: Scroll            |     6 |     9 |     7 |    13 ||    35
       Potion            |       |       |     2 |     8 ||    10
 Stab: Distracted        |       |       |     1 |     1 ||     2
       Sleeping          |       |       |       |     8 ||     8
Armor: Leather armour    |    60 |     4 |    17 |   126 ||   207
       Ring mail         |       |    28 |       |       ||    28
       Chain mail        |       |       |    26 |    38 ||    64
       Scale mail        |       |       |       |     8 ||     8
       Plate armour      |       |       |       |     5 ||     5
Dodge: Dodged            |   146 |    63 |    84 |   343 ||   636
Block: Buckler           |       |       |    23 |   207 ||   230

Table legend: (Time is in decaauts)
 A = Elapsed time spent in this place.
 B = Non-inter-level travel time spent in this place.
 C = Inter-level travel time spent in this place.
 D = Time resting spent in this place.
 E = Time spent auto-exploring this place.
 F = Levels seen in this place.
 G = Mean time per level.
                   A        B        C        D        E       F      G
               +--------+--------+--------+--------+--------+-----+--------+
         Total |  19274 |  18093 |   1181 |   5232 |  10086 |  15 | 1284.9 |
       Dungeon |  13406 |  12465 |    941 |   3222 |   7487 |  10 | 1340.6 |
          Lair |   5084 |   4845 |    239 |   1792 |   2270 |   4 | 1271.0 |
      Gauntlet |    784 |    784 |      0 |    218 |    328 |   1 |  784.0 |
               +--------+--------+--------+--------+--------+-----+--------+

Top non-repeatable levels by time:
     D:8: 2872 daAuts
  Lair:2: 2046 daAuts
     D:5: 1903 daAuts
  Lair:1: 1789 daAuts
     D:7: 1658 daAuts
     D:6: 1617 daAuts
     D:1: 1410 daAuts
     D:4: 1207 daAuts
     D:9: 929 daAuts
     D:2: 894 daAuts
  Lair:3: 866 daAuts
Gauntlet: 784 daAuts
     D:3: 718 daAuts
  Lair:4: 381 daAuts
    D:10: 193 daAuts

Table legend:
 A = Kills in this place as a percentage of kills in entire the game.
 B = Kills by you in this place as a percentage of kills by you in the entire game.
 C = Kills by friends in this place as a percentage of kills by friends in the entire game.
 D = Other kills in this place as a percentage of other kills in the entire game.
 E = Experience gained in this place as a percentage of experience gained in the entire game.
 F = Experience gained in this place divided by the number of levels of this place that you have seen.
                   A       B       C       D       E      F
               +-------+-------+-------+-------+-------+----------------------
         Total | 100.0 | 100.0 |   N/A |   N/A | 100.0 | 1707.7
       Dungeon |  70.4 |  70.4 |   N/A |   N/A |  35.6 | 913.2
          Lair |  27.0 |  27.0 |   N/A |   N/A |  55.9 | 3580.2
      Gauntlet |   2.6 |   2.6 |   N/A |   N/A |   8.4 | 2163.0
               +-------+-------+-------+-------+-------+----------------------
